 Dungeon Crawl Stone Soup version 0.29-a0-887-gcbe080d7e0 (webtiles) character file.

Game seed: 1404182860357517456

6230 hquester1 the Blocker (level 10, -4/88 HPs)
             Began as a Minotaur Fighter on July 21, 2022.
             Was a Follower of Yredelemnul.
             Killed by vampiric draining
             ... invoked by a vampire
              (12 damage)
             ... on level 9 of the Dungeon.
             The game lasted 00:26:36 (8253 turns).

hquester1 the Blocker (Minotaur Fighter)            Turns: 8253, Time: 00:26:37

Health: -4/88      AC: 28    Str: 24    XL:     10   Next: 61%
Magic:  11/11      EV: 10    Int:  5    God:    Yredelemnul [*.....]
Gold:   500        SH:  5    Dex: 11    Spells: 9/9 levels left

rFire   . . .      SeeInvis .   a - +0 war axe
rCold   . . .      Faith    .   c - +0 buckler
rNeg    . . .      Spirit   .   l - +18 Lear's hauberk
rPois   +          Reflect  .   (helmet currently unavailable)
rElec   .          Harm     .   (no cloak)
rCorr   .          Rampage  .   (gloves currently unavailable)
Will    .....                   (boots currently unavailable)
Stlth   ..........              u - amulet of the acrobat
HPRegen 0.24/turn               v - ring of poison resistance
MPRegen 0.12/turn               (no ring)

@: mighty
A: horns 2, retaliatory headbutt
a: Renounce Religion, Recall Undead Harvest


You were on level 9 of the Dungeon.
You worshipped Yredelemnul.
Yredelemnul was noncommittal.
You visited 2 branches of the dungeon, and saw 10 of its levels.
You also visited: Sewer.

You collected 500 gold pieces.

Inventory:

Hand Weapons
 a - a +0 war axe (weapon)
 k - a +0 morningstar
 L - a +4 long sword
Missiles
 K - 4 throwing nets (quivered)
Armour
 b - a +0 scale mail
 c - a +0 buckler (worn)
 f - a +1 hat
 l - the +18 Lear's hauberk (worn)
   (You found it on level 2 of the Dungeon)
 n - a +0 pair of gloves
 x - a +2 chain mail of willpower
 J - a +1 pair of boots
Jewellery
 u - an amulet of the acrobat (around neck)
 v - a ring of poison resistance (left hand)
 B - a ring of resist corrosion
 E - the ring "Giaxagud" {*Corrode rF++ Will+ SInv}
   (You took it off an orc on level 7 of the Dungeon)

   [ring of willpower]

   rF:        It greatly protects you from fire.
   SInv:      It lets you see invisible.
   *Corrode:  It may corrode you when you take damage.
   Will:      It increases your willpower.
Wands
 C - a wand of light (2)
Scrolls
 e - 2 scrolls of blinking
 g - 2 scrolls of amnesia
 i - a scroll of enchant weapon {unknown}
 j - 2 scrolls of silence
 o - 3 scrolls of teleportation
 q - 4 scrolls of enchant armour
 y - a scroll of brand weapon {unknown}
 F - a scroll of immolation {unknown}
 G - a scroll of vulnerability {unknown}
 H - a scroll of butterflies {unknown}
 I - a scroll of poison {unknown}
Potions
 h - 2 potions of curing
 m - a potion of attraction {unknown}
 p - 4 potions of haste
 r - 2 potions of cancellation
 s - 2 potions of lignification
 t - 3 potions of brilliance
 w - 2 potions of heal wounds
 z - a potion of magic {unknown}
 A - 3 potions of mutation
 D - 3 potions of flight {unknown}


   Skills:
 + Level 8.0 Fighting
 + Level 0.0 Long Blades
 + Level 7.5(8.1) Axes
 + Level 4.3(6.5) Maces & Flails
 + Level 8.0 Armour
 + Level 6.3 Dodging
 + Level 5.3 Stealth
 + Level 8.0 Shields
 + Level 3.6 Invocations
 + Level 3.3 Evocations


You had 9 spell levels left.
You didn't know any spells.
Your spell library contained the following spells:

 Spells                   Type           Power      Damage    Failure   Level
 Foxfire                  Conj/Fire      0%         2x1d4     98%         1
 Magic Dart               Conj           0%         1d3       98%         1
 Necrotise                Necr           0%         1d4       98%         1
 Call Imp                 Summ           0%         N/A       99%         2
 Conjure Flame            Conj/Fire      0%         6-21      100%        3
 Inner Flame              Hex/Fire       0%         N/A       100%        3
 Mephitic Cloud           Conj/Pois/Air  0%         N/A       100%        3
 Ozocubu's Armour         Ice            0%         N/A       100%        3
 Stone Arrow              Conj/Erth      0%         3d7       100%        3
 Vampiric Draining        Necr           0%         2d6       100%        3
 Animate Armour           Summ/Erth      0%         N/A       100%        4
 Flame Wave               Conj/Fire      0%         2d4       100%        4
 Summon Ice Beast         Ice/Summ       0%         N/A       100%        4
 Agony                    Necr           0%         N/A       100%        5
 Summon Mana Viper        Hex/Summ       0%         N/A       100%        5
 Monstrous Menagerie      Summ           0%         N/A       100%        7
 Ozocubu's Refrigeration  Ice            0%         4d5       100%        7
 Lehudib's Crystal Spear  Conj/Erth      0%         10d2      100%        8


Dungeon Overview and Level Annotations

Branches:
Dungeon (9/15)             Temple (1/1) D:5           Sewer (visited)
   Lair: D:8-11         Orc: D:9-12

Altars:
Ashenzari
Cheibriados
Dithmenos
Elyvilon
Fedhas
Hepliaklqana
Kikubaaqudgha
Makhleb
Nemelex Xobeh
Okawaru
Qazlal
Sif Muna
Trog
Vehumet
Wu Jian
Yredelemnul
Zin
The Shining One

Shops:
D:5 *


Innate Abilities, Weirdness & Mutations

You have a pair of horns on your head.
You reflexively headbutt those who attack you in melee.


Message History

[Y]es or [N]o only, please.
Are you sure you want to stumble around while confused and next to your yak zombie?
Something hits you but does no damage. Something barely misses you.
Are you sure you want to stumble around while confused and next to your yak zombie? [Y]es or [N]o only, please.
Are you sure you want to stumble around while confused and next to your yak zombie?
Something hits you.
* * * LOW HITPOINT WARNING * * *
Something barely misses you.
Are you sure you want to stumble around while confused and next to your yak zombie?
You bump into the crystal wall.
Something draws life force from you!
* * * LOW HITPOINT WARNING * * *
Are you sure you want to stumble around while confused and next to your yak zombie? [Y]es or [N]o only, please.
Are you sure you want to stumble around while confused and next to your yak zombie? [Y]es or [N]o only, please.
Are you sure you want to stumble around while confused and next to your yak zombie?
Okay, then.
You feel better. Something hits you but does no damage.
You block something's attack.
You barely miss something. Something hits you.
* * * LOW HITPOINT WARNING * * *
Something bites you but does no damage. Something hits you but does no damage.
Something bites you but does no damage.
You closely miss something. Something hits you!
* * * LOW HITPOINT WARNING * * *
Something bites you but does no damage.
You closely miss something. Something hits you but does no damage.
Something bites you but does no damage.
You barely miss something. Your headbutt misses something.
A vampire appears from thin air!
Reactivating autopickup.
Your yak zombie gores the vampire but does no damage.
The vampire barely misses you.
The vampire bites you but does no damage.
You slash the vampire!
The vampire is severely damaged.
The vampire draws life force from you!
You die...
Your body rises from the dead as a mindless zombie.

#...'...#...# ..#..........
#...#...#...# ...#..........
#...#...#...# ...#..........
#...#...#...#....##.........
#...#...#...#.....#Z........
#...#...#...'.....#.........
#...#...#...#.....#.........
##..#####.ZV# ....#.........
#.........@# ...#.........
#..........#######.........
#......................####
#......................#
#......##########......#
#....###........#......####
#....#..........+..........
#....#..........#.........[
#....#..........#..........


You could see a vampire (ally target) and a friendly yak zombie.

Vanquished Creatures
  Harold (D:9)
  The ghost of jimonade the Covert, a novice KoBr (D:5)
  A komodo dragon (D:7)
  A hornet (D:7)
  Grinder (D:4)
  Sigmund (D:3)
  7 yaks (D:9)
  A steam dragon (D:8)
  Edmund (D:4)
  An ice beast (D:6)
  An orc warrior (D:6)
  A black bear (D:8)
  An ogre (D:6)
  A centaur (D:6)
  4 kobold brigands
  A bullfrog (D:7)
  A necrophage (D:8)
  A scorpion (D:7)
  5 wights (D:9)
  2 howler monkeys
  3 orc priests
  2 jellies
  5 hounds
  9 iguanas
  9 orc wizards
  4 river rats
  16 adders
  A shadow imp (D:5)
  2 white imps
  2 ufetubi (D:5)
  3 worms
  5 dart slugs
  19 orcs
  5 bats
  11 endoplasms
  5 giant cockroaches
  6 goblins
  6 hobgoblins
  4 jackals (D:1)
  2 quokkas
  11 ball pythons
  4 frilled lizards
  18 kobolds
  16 rats
202 creatures vanquished.

Vanquished Creatures (collateral kills)
  An ice beast (D:6)
  2 black bears
  2 ogres
  A centaur (D:9)
  A phantom (D:5)
  A bullfrog (D:8)
  A necrophage (D:7)
  3 howler monkeys (D:7)
  A hound (D:5)
  An orc priest (D:8)
  2 iguanas
  An orc (D:5)
  A frilled lizard (D:7)
  A kobold (D:7)
  2 rats (Sewer)
21 creatures vanquished.

Vanquished Creatures (others)
  3 yak zombies (D:9)
  2 iguana zombies (D:7)
  An adder zombie (D:6)
  A spectral white imp (D:8)
  A dart slug zombie (D:7)
  2 frilled lizard zombies (D:7)
  2 kobold zombies
  4 orc zombies
  15 fungi
  8 plants
  2 toadstools (D:6)
41 creatures vanquished.

Grand Total: 264 creatures vanquished

Notes
Turn   | Place    | Note
-------+----------+-------------------------------------------
     0 | D:1      | hquester1 the Minotaur Fighter began the quest for the Orb.
     0 | D:1      | Reached XP level 1. HP: 19/19 MP: 0/0
   182 | D:1      | Reached XP level 2. HP: 24/27 MP: 1/1
   204 | D:1      | Found a faded altar of an unknown god.
   423 | D:1      | Reached XP level 3. HP: 27/33 MP: 2/2
   480 | D:1      | Reached skill level 1 in Dodging
   830 | D:2      | Reached skill level 1 in Stealth
   938 | D:2      | Reached XP level 4. HP: 40/40 MP: 3/3
  1070 | D:2      | Found the +18 Lear's hauberk
  1596 | D:3      | Found a shadowy altar of Dithmenos.
  1889 | D:3      | Found a burning altar of Makhleb.
  1904 | D:3      | Noticed Sigmund
  1920 | D:3      | Killed Sigmund
  1921 | D:3      | Reached XP level 5. HP: 44/47 MP: 4/4
  2250 | D:3      | Found a white marble altar of Elyvilon.
  2340 | D:4      | Noticed Grinder
  2346 | D:4      | Reached XP level 6. HP: 52/53 MP: 5/5
  2354 | D:4      | Killed Grinder
  2355 | D:4      | Reached skill level 5 in Fighting
  2355 | D:4      | Reached skill level 5 in Armour
  2355 | D:4      | Reached skill level 5 in Shields
  2435 | D:4      | Reached XP level 7. HP: 61/61 MP: 6/6
  2579 | D:4      | Noticed Edmund
  2599 | D:4      | Killed Edmund
  2890 | D:5      | Entered Level 5 of the Dungeon
  2968 | D:5      | Found a staircase to the Ecumenical Temple.
  2994 | Temple   | Entered the Ecumenical Temple
  3023 | Temple   | Became a worshipper of Yredelemnul the Dark
  3176 | D:5      | Found an iron altar of Okawaru.
  3197 | D:5      | Reached * piety under Yredelemnul
  3220 | D:5      | Found Wiunis's CLEARANCE SALE!.
  3237 | D:5      | Reached XP level 8. HP: 67/70 MP: 7/7
  3241 | D:5      | Reached ** piety under Yredelemnul
  3242 | D:5      | Reached skill level 5 in Axes
  3458 | D:5      | Found a large runed translucent door.
  3458 | D:5      | Found a large runed translucent door.
  3460 | D:5      | Noticed jimonade's ghost (novice KoBr)
  3479 | D:5      | Killed jimonade's ghost
  4186 | D:6      | Found a glowing drain.
  4191 | Sewer    | Entered a sewer
  4662 | Sewer    | Reached skill level 1 in Maces & Flails
  4756 | Sewer    | Reached *** piety under Yredelemnul
  4783 | D:6      | Reached skill level 1 in Invocations
  4868 | D:6      | Reached XP level 9. HP: 44/78 MP: 8/8
  4877 | D:6      | Reached skill level 1 in Evocations
  5146 | D:6      | Found a broken altar of Ashenzari.
  5209 | D:6      | Reached skill level 5 in Dodging
  6010 | D:6      | Reached **** piety under Yredelemnul
  6172 | D:7      | Found a snail-covered altar of Cheibriados.
  6388 | D:7      | Found a bloodstained altar of Trog.
  6479 | D:7      | Noticed a komodo dragon
  6487 | D:7      | Killed a komodo dragon
  6719 | D:7      | Identified the ring "Giaxagud" {*Corrode rF++ Will+ SInv}
  7032 | D:7      | Found a sparkling altar of Nemelex Xobeh.
  7150 | D:8      | Reached XP level 10. HP: 78/86 MP: 11/11
  7248 | D:8      | Found an ornate altar of the Wu Jian Council.
  7989 | D:9      | Noticed Harold
  7998 | D:9      | Killed Harold
  7999 | D:9      | Reached skill level 5 in Stealth
  8253 | D:9      | Killed from afar by a vampire

Illustrated notes

Levels and vault maps discovered:
D:1:      amcnicky_arrival_flooded_fountain, layout_basic,
          hellmonk_ecumenical_altar_lost_god, serial_bayou_pond_b
D:2:      cheibrodos_helix_gallery, layout_basic
D:3:      layout_loops_ring, nicolae_dithmenos_the_darkroom,
          lightli_temple_of_fire, nicolae_elyvilon_temple_path, uniq_sigmund
D:4:      layout_basic, uniq_edmund, uniq_grinder
D:5:      layout_cave_pools, okawaru_gym_becter,
          minmay_temple_entry_drinking_statues, ebering_ghost_disaster_area,
          nicolae_shop_clearance
D:6:      layout_loops_cross, nicolae_ashenzari_skybound,
          lightli_sewer_entry_pipes, minmay_gold_behind_fungi,
          kennysheep_nondescript, minmay_fountain_box,
          small_statue_intersection, kennysheep_donut,
          kennysheep_generic_room_15
D:7:      layout_gridville, general_overflow_altar, kennysheep_slug_shrine,
          mainiacjoe_overflow_alcove_4, minmay_lizard_king
D:8:      layout_basic, mainiacjoe_overflow_cross_hatched,
          chequers_serial_rivers_room_a
D:9:      layout_irregular_city, mainiacjoe_overflow_concentric_impassable,
          serial_shops, nicolae_lakefront_shop, uniq_harold
Temple:   hellmonk_temple_beads

Skill      XL: |  1  2  3  4  5  6  7  8  9 10 |
---------------+-------------------------------+-----
Armour         | 4 5 6 7 8 |  8.0
Dodging        | 1 2 3 4 5 6 |  6.3
Fighting       | 4 5 6 7 8 |  8.0
Shields        | 4 5 6 7 8 |  8.0
Stealth        | 1 2 3 4 5 |  5.3
Axes           | 3 4 6 7 |  7.5
Maces & Flails | 1 3 4 |  4.3
Invocations    | 1 2 3 |  3.6
Evocations     | 2 3 |  3.3

Action                   |  1- 3 |  4- 6 |  7- 9 | 10-12 || total
-------------------------+-------+-------+-------+-------++-------
Melee: War axe           |    75 |    68 |   350 |    72 ||   565
       Headbutt          |    11 |    16 |    57 |     9 ||    93
Invok: Recall Undead Har |       |       |     2 |     1 ||     3
  Use: Scroll            |       |     1 |    12 |     2 ||    15
       Potion            |       |       |       |     3 ||     3
 Stab: Distracted        |       |       |     2 |       ||     2
Armor: Scale mail        |    43 |     3 |       |       ||    46
       Chain mail        |       |    33 |   182 |    74 ||   289
Dodge: Dodged            |    56 |    35 |   169 |    30 ||   290
Block: Buckler           |    11 |    16 |    95 |    15 ||   137

Table legend: (Time is in decaauts)
 A = Elapsed time spent in this place.
 B = Non-inter-level travel time spent in this place.
 C = Inter-level travel time spent in this place.
 D = Time resting spent in this place.
 E = Time spent auto-exploring this place.
 F = Levels seen in this place.
 G = Mean time per level.
                   A        B        C        D        E       F      G
               +--------+--------+--------+--------+--------+-----+--------+
         Total |   8602 |   8382 |    220 |   1285 |   4793 |  11 |  782.0 |
       Dungeon |   7723 |   7514 |    209 |   1285 |   4221 |   9 |  858.1 |
        Temple |    117 |    106 |     11 |      0 |     94 |   1 |  117.0 |
         Sewer |    761 |    761 |      0 |      0 |    477 |   1 |  761.0 |
               +--------+--------+--------+--------+--------+-----+--------+

Top non-repeatable levels by time:
     D:6: 1557 daAuts
     D:5: 1092 daAuts
     D:7: 955 daAuts
     D:8: 840 daAuts
     D:2: 827 daAuts
     D:1: 784 daAuts
     D:3: 772 daAuts
   Sewer: 761 daAuts
     D:4: 576 daAuts
     D:9: 315 daAuts
  Temple: 117 daAuts
